 Dungeon Crawl Stone Soup version 0.29.1-15-g9cfb28693d (webtiles) character file.

Game seed: 9928930390483735086

11 Artool the Trooper (level 2, 18/24 HPs)
             Began as a Demonspawn Fighter on Apr 11, 2023.
             Quit the game on level 1 of the Dungeon.
             The game lasted 00:00:46 (612 turns).

Artool the Trooper (Demonspawn Fighter)              Turns: 612, Time: 00:00:47

Health: 18/24      AC:  6    Str: 16    XL:     2   Next: 17%
Magic:  2/2        EV:  8    Int:  9    God:
Gold:   32         SH:  4    Dex: 12    Spells: 1/1 levels left

rFire   . . .      SeeInvis .   a - +0 flail
rCold   . . .      Faith    .   c - +0 buckler
rNeg    . . .      Spirit   .   b - +0 scale mail
rPois   .          Reflect  .   (no helmet)
rElec   .          Harm     .   (no cloak)
rCorr   .          Rampage  .   (no gloves)
Will    .....                   (no boots)
Stlth   ..........              (no amulet)
HPRegen 0.08/turn               (no ring)
MPRegen 0.08/turn               (no ring)

@: no status effects
A: demonic touch 1
a: no special abilities


You were on level 1 of the Dungeon.
You visited 1 branch of the dungeon, and saw 1 of its levels.

You collected 32 gold pieces.

Inventory:

Hand Weapons
 a - a +0 flail (weapon)
Missiles
 i - 6 curare-tipped darts (quivered)
 k - 2 javelins
Armour
 b - a +0 scale mail (worn)
 c - a +0 buckler (worn)
Scrolls
 g - a scroll of enchant weapon {unknown}
 h - a scroll of blinking {unknown}
 j - a scroll of teleportation {unknown}
Potions
 d - 3 potions of might
 e - a potion of mutation {unknown}
 f - a potion of lignification {unknown}
 l - a potion of attraction {unknown}
 m - a potion of flight {unknown}
 n - a potion of brilliance {unknown}


   Skills:
 + Level 3.1 Fighting
 + Level 2.0 Maces & Flails
 + Level 2.8 Armour
 + Level 2.8 Shields


You had one spell level left.
You didn't know any spells.
Your spell library contained the following spells:

 Spells                   Type           Power      Damage    Failure   Level
 Poisonous Vapours        Pois/Air       0%         N/A       96%         2
 Corpse Rot               Necr/Pois/Air  0%         N/A       100%        4


Dungeon Overview and Level Annotations

Branches:
Dungeon (1/15)

Altars:


Innate Abilities, Weirdness & Mutations

Your touch may inflict minor irresistible damage on your foes.


Message History

There is a stone staircase leading down here.
You see here a +0 club.
Found a club.
No target in view!
You now have 32 gold pieces (gained 12).
A hobgoblin comes into view.
Found a faded altar of an unknown god.
The hobgoblin shouts!
No reachable target in view!
A hobgoblin is nearby!
No reachable target in view!
No reachable target in view!
You sock the hobgoblin!
You kill the hobgoblin!
No target in view!
No target in view!
Found a stone staircase leading down.
No target in view!
No target in view!
There is a stone staircase leading down here.
A ball python comes into view.
Found a puce potion.
The ball python hisses angrily.
You see here a murky red potion.
A ball python is nearby!
You closely miss the ball python.
The ball python bites you but does no damage.
The ball python grabs you. The ball python constricts you.
A ball python is nearby!
You barely miss the ball python. You block the ball python's attack.
The ball python constricts you. The ball python bites you.
The ball python constricts you.
You closely miss the ball python. The ball python bites you.
The ball python constricts you.
The ball python bites you but does no damage.
The ball python constricts you.
You sock the ball python!
You kill the ball python!
No target in view!
Are you sure you want to abandon this character and quit the game? (Confirm with "yes".)

####.##.## #.
#.##.## #!
##.##.## #. # #
#..##.#. #. .#.
#.###.## #. #.#
#.# #.## ##.
..# #.# #.#
#.†##.# #.# #.#
#..@#.# #.#
#.#!#.# #.#
##....## #.##
##.#..# #..#
#.##.# ##.#
#.##.# #.#
#.#..#######.##
#.#.#.#.#.#.#.#
#..#.#.#.#.#.##


There were no monsters in sight!

Vanquished Creatures
  2 endoplasms (D:1)
  2 goblins (D:1)
  A hobgoblin (D:1)
  A quokka (D:1)
  A ball python (D:1)
  A bat (D:1)
  2 kobolds (D:1)
10 creatures vanquished.

Notes
Turn   | Place    | Note
-------+----------+-------------------------------------------
     0 | D:1      | Artool the Demonspawn Fighter began the quest for the Orb.
     0 | D:1      | Reached XP level 1. HP: 18/18 MP: 1/1
   304 | D:1      | Gained mutation: Your touch may inflict minor irresistible
                  | damage on your foes. [demonic ancestry]
   304 | D:1      | Reached XP level 2. HP: 19/24 MP: 2/2
   524 | D:1      | Found a faded altar of an unknown god.
   612 | D:1      | Quit the game

Illustrated notes

Levels and vault maps discovered:
D:1:      minmay_arrival_four_houses, layout_loops_ring,
          ebering_ecumenical_altar_petrified, nrook_loot_triangle, minivault_23

Skill      XL: |  1 |
---------------+----+-----
Maces & Flails | 2 |  2.0
Fighting       | |  3.1
Armour         | |  2.8
Shields        | |  2.8

Action                   || total
-------------------------++-------
Melee: Flail             ||    26
Armor: Scale mail        ||    10
Dodge: Dodged            ||     6
Block: Buckler           ||     4
